cohdb
Replays
Latest Replays
All Replays
Popular Replays
Top Player Replays
Match Explorer
How It Works
Community
CoH3 Stats
Reddit
Sign in to upload your games and track your stats! →
Sign in with Steam
Match 28007599
Unlisted
Match 28007599
Overview
Messages
Build Orders
End
Vickers Machine Gun Team
Construct Section Command Post
Selects Indian Artillery Battlegroup
Infantry Section
Infantry Section
Selects Towed ML 4.2-inch Heavy Mortar
Towed ML 4.2-inch Heavy Mortar
Construct Platoon Command Post
Unlock M3 Stuart Light Tanks
Royal Engineer Section
M3 Stuart Light Tank
M3 Stuart Light Tank
Light Vehicle Training
Selects Off-map Airburst Barrage
Off-map Airburst Barrage
Infantry Training
Construct Company Command Post
Off-map Airburst Barrage
Unlock M3 Grant Medium Tanks
M3 Grant Medium Tank
M3 Grant Medium Tank
Selects Perimeter Monitor
Selects Valour
Selects Gurkha Rifles Section
Selects Volunteer Infantry
Gurkha Rifles Section
Armored Vehicle Training
M3 Grant Medium Tank
M3 Grant Medium Tank
Perimeter Monitor
Royal Engineer Section
JayMaj0r
Redemund
iAinEng
arthur
joker
GyoPyppo
Blue Delhin
dirtydanes2013
0
0
Comments
sign in to comment!
No comments posted yet!